 Dungeon Crawl Stone Soup version 0.31-a0-1001-g770356a (webtiles) character file.

Game seed: 180288207059526086

633737 Spoofaccount the Sorcerer (level 27, -2/130 HPs)
             Began as a Demonspawn Fire Elementalist on Nov 8, 2023.
             Was a Believer of Jiyva.
             Slain by a purple very ugly thing (13 damage)
             ... on level 3 of the Abyss.
             The game lasted 04:06:22 (109735 turns).

Spoofaccount the Sorcerer (DsFE)                  Turns: 109735, Time: 04:06:23

Health: -2/130     AC: 22    Str: 19    XL:     27
Magic:  0/52       EV: 16    Int: 36    God:    Jiyva [**....]
Gold:   7004       SH:  7    Dex: 11    Spells: 26/76 levels left

rFire   + + +        T - +5 trident "Hydrabane" {pain, rElec rPois Int+4}
rCold   . . .        g - +3 buckler {AC+3}
rNeg    + + .        r - +3 leather armour {rF+}
rPois   +            c - +4 hat of the Devil's Advocate {Harm rF+ rN++ Slay+3}
rElec   +            C - +2 cloak {rCorr}
rCorr   +            k - +2 pair of gloves {Str+3}
SInv    .            (boots unavailable)
Will    +++..        R - amulet of magic regeneration
Stlth   +            p - ring of Noerikk {rF+ Will+ Str+6 Stlth-}
HPRegen 1.37/turn    f - ring of wizardry
MPRegen 1.36/turn

%: random rage (3%), harm (+30% outgoing, +20% incoming), repel missiles,
guardian spirit, wizardry (x1)
@: slightly contaminated, studying Evocations
A: hooves 3, repulsion field 3, icemail 2, augmentation 3, magic shield, magic
regeneration, magic link, condensation shield, berserk 1, clever 1, clumsy 1,
frail 2, screaming 1, inability to read after injury 1
}: 3/15 runes: serpentine, barnacled, silver
a: Renounce Religion


You were on level 3 of the Abyss.
You worshipped Jiyva.
Jiyva was pleased with you.
You visited 14 branches of the dungeon, and saw 52 of its levels.
You visited the Abyss 6 times.
You visited 1 bazaar.
You also visited: Bailey.

You collected 9326 gold pieces.
You spent 2322 gold pieces at shops.

Inventory:

Hand Weapons
 T - the +5 trident "Hydrabane" (weapon) {pain, rElec rPois Int+4}
   (You bought it in a shop in a bazaar)

   Int+4:     It affects your intelligence (+4).
   rElec:     It insulates you from electricity.
   rPois:     It protects you from poison
Armour
 c - the +4 hat of the Devil's Advocate (worn) {Harm rF+ rN++ Slay+3}
   (You found it on level 5 of the Lair of Beasts)

   Slay+3:    It affects your accuracy & damage with ranged weapons and melee
   (+3).
   rF+:       It protects you from fire.
   rN++:      It greatly protects you from negative energy.
   Harm:      It increases damage dealt and taken.
 g - a +3 buckler of protection (worn)
 k - a +2 pair of gloves of strength (worn)
 r - a +3 leather armour of fire resistance (worn)
 C - a +2 cloak of preservation (worn)
Jewellery
 f - a ring of wizardry (right hand)
 p - the ring of Noerikk (left hand) {rF+ Will+ Str+6 Stlth-}
   (You found it on level 4 of the Dungeon)

   [ring of willpower]

   Str+6:     It affects your strength (+6).
   rF+:       It protects you from fire.
   Will+:     It increases your willpower.
   Stlth-:    It makes you less stealthy.
 R - an amulet of magic regeneration (around neck)
Wands
 e - a wand of polymorph (32)
 j - a wand of flame (80)
 q - a wand of acid (9)
 s - a wand of charming (77)
 t - a wand of mindburst (25)
 y - a wand of digging (14)
 D - a wand of roots (66)
Scrolls
 b - 3 scrolls of fog
 i - 5 scrolls of poison
 m - 5 scrolls of butterflies
 n - 3 scrolls of enchant armour
 w - 2 scrolls of blinking
 B - 13 scrolls of teleportation
 F - 6 scrolls of immolation
 I - 4 scrolls of revelation
 U - 6 scrolls of fear
Potions
 d - 5 potions of resistance
 o - 4 potions of ambrosia
 v - 16 potions of curing
 z - 5 potions of invisibility
 A - a potion of cancellation
 G - 6 potions of brilliance
 H - 7 potions of magic
 J - 10 potions of mutation
 K - 7 potions of might
 L - 6 potions of heal wounds
 M - 6 potions of enlightenment
 N - 4 potions of berserk rage
 P - 12 potions of haste
 Q - 6 potions of lignification
 S - a potion of attraction
Miscellaneous
 h - a tin of tremorstones (2/2)
 E - the horn of Geryon
 V - a sack of spiders (inert)


   Skills:
 + Level 2.2 Fighting
 + Level 0.1 Maces & Flails
 + Level 0.4 Polearms
 * Level 15.6 Armour
 + Level 4.6 Dodging
 + Level 3.6 Stealth
 + Level 2.7 Shields
 * Level 25.3 Spellcasting
 * Level 16.4 Conjurations
 + Level 5.7 Hexes
 + Level 0.7 Summonings
 + Level 1.7 Translocations
 + Level 2.2 Transmutations
 * Level 23.1 Fire Magic
 + Level 12.7 Air Magic
 + Level 0.7 Earth Magic
 * Level 20.7 Invocations
 * Level 17.8 Evocations


You had 26 spell levels left.
You knew the following spells:

 Your Spells              Type           Power      Damage    Failure   Level
b - Fire Storm            Conj/Fire      56%        8d14      9%          9
d - Conjure Ball Lightni  Conj/Air       50%        3x3d17    1%          6
e - Iskenderun's Mystic   Conj/Tloc      84%        2d17      1%          4
g - Orb of Destruction    Conj           52%        9d13      1%          7
h - Irradiate             Conj/Tmut      42%        3d25      1%          5
i - Fireball              Conj/Fire      56%        3d22      0%          5
j - Plasma Beam           Fire/Air       54%        2x1d69    1%          6
k - Ignition              Fire           59%        3d16      1%          8

Your spell library contained the following spells:

 Spells                   Type           Power      Damage    Failure   Level
 Foxfire                  Conj/Fire      100%       2x1d9     0%          1
 Kiss of Death            Conj/Necr      100%       2d13      0%          1
 Magic Dart               Conj           100%       1d8       0%          1
 Shock                    Conj/Air       100%       1d9       0%          1
 Scorch                   Fire           100%       2d9       0%          2
 Searing Ray              Conj           100%       2d8       0%          2
 Static Discharge         Conj/Air       100%       3-8/arc   0%          2
 Dazzling Flash           Conj/Hex       100%       N/A       0%          3
 Inner Flame              Hex/Fire       99%        N/A       0%          3
 Swiftness                Air            95%        N/A       0%          3
 Volatile Blastmotes      Fire/Tloc      100%       2d18      0%          3
 Flame Wave               Conj/Fire      100%       2d21      0%          4
 Sticky Flame             Conj/Fire      100%       2d11      0%          4
 Iskenderun's Battlesphe  Conj           100%       2d15      0%          5
 Apportation              Tloc           100%       N/A       1%          1
 Freeze                   Ice            100%       1d10      1%          1
 Necrotise                Necr           100%       1d9       1%          1
 Sandblast                Erth           100%       2d20      1%          1
 Slow                     Hex            100%       N/A       1%          1
 Sting                    Tmut/Pois      100%       1d8       1%          1
 Summon Small Mammal      Summ           100%       N/A       1%          1
 Blink                    Tloc           100%       N/A       1%          2
 Call Imp                 Summ           100%       N/A       1%          2
 Cigotuvi's Dreadful Rot  Necr/Pois/Air  100%       N/A       1%          2
 Ensorcelled Hibernation  Hex/Ice        100%       N/A       1%          2
 Jinxbite                 Hex            100%       N/A       1%          2
 Lesser Beckoning         Tloc           100%       N/A       1%          2
 Momentum Strike          Conj/Tloc      100%       3d10      1%          2
 Passwall                 Tmut/Erth      45%        N/A       1%          2
 Poisonous Vapours        Pois/Air       100%       N/A       1%          2
 Sublimation of Blood     Necr           45%        N/A       1%          2
 Wereblood                Tmut           58%        N/A       1%          2
 Call Canine Familiar     Summ           50%        N/A       1%          3
 Confusing Touch          Hex            72%        N/A       1%          3
 Frozen Ramparts          Ice            90%        1d14      1%          3
 Gell's Gravitas          Tloc           55%        N/A       1%          3
 Hailstorm                Conj/Ice       81%        3d16      1%          3
 Ignite Poison            Fire/Tmut/Pois 82%        N/A       1%          3
 Mephitic Cloud           Conj/Pois/Air  86%        N/A       1%          3
 Ozocubu's Armour         Ice            45%        N/A       1%          3
 Sigil of Binding         Hex            72%        N/A       1%          3
 Stone Arrow              Conj/Erth      100%       3d13      1%          3
 Summon Guardian Golem    Hex/Summ       62%        N/A       1%          3
 Teleport Other           Tloc           55%        N/A       1%          3
 Tukima's Dance           Hex            72%        N/A       1%          3
 Vampiric Draining        Necr           45%        2d9       1%          3
 Airstrike                Air            47%        2d(7-23)  1%          4
 Anguish                  Hex/Necr       30%        N/A       1%          4
 Animate Armour           Summ/Erth      100%       N/A       1%          4
 Brom's Barrelling Bould  Conj/Erth      82%        2d9       1%          4
 Cause Fear               Hex            36%        N/A       1%          4
 Dimensional Bullseye     Hex/Tloc       32%        N/A       1%          4
 Fulminant Prism          Conj/Hex       45%        3d21      1%          4
 Leda's Liquefaction      Hex/Erth       31%        N/A       1%          4
 Manifold Assault         Tloc           55%        N/A       1%          4
 Passage of Golubria      Tloc           55%        N/A       1%          4
 Petrify                  Tmut/Erth      54%        N/A       1%          4
 Summon Lightning Spire   Summ/Air       76%        N/A       1%          4
 Vhi's Electric Charge    Tloc/Air       100%       N/A       1%          4
 Arcjolt                  Conj/Air       50%        1d60      1%          5
 Freezing Cloud           Conj/Ice/Air   43%        6-21      1%          5
 Silence                  Hex/Air        42%        N/A       1%          5
 Summon Mana Viper        Hex/Summ       62%        N/A       1%          5
 Yara's Violent Unravell  Hex/Tmut       32%        3d13      1%          5
 Bombard                  Conj/Erth      41%        9d7       1%          6
 Starburst                Conj/Fire      56%        6d15      1%          6
 Animate Dead             Necr           45%        N/A       2%          4
 Dispel Undead            Necr           45%        3d17      2%          4
 Olgreb's Toxic Radiance  Pois           45%        N/A       2%          4
 Summon Ice Beast         Ice/Summ       48%        N/A       2%          4
 Metabolic Englaciation   Hex/Ice        30%        N/A       2%          5
 Alistair's Intoxication  Tmut/Pois      34%        N/A       4%          5
 Summon Forest            Summ/Tloc      26%        N/A       4%          5
 Borgnjor's Vile Clutch   Necr/Erth      24%        N/A       6%          5
 Lee's Rapid Deconstruct  Erth           25%        3d14*     6%          5
 Spellforged Servitor     Conj/Summ      41%        N/A       7%          7
 Agony                    Necr           45%        N/A       8%          5
 Maxwell's Capacitive Co  Air            47%        ∞         10%         8
 Dispersal                Tloc           27%        N/A       21%         6
 Enfeeble                 Hex            36%        N/A       22%         7
 Eringya's Noxious Bog    Tmut/Pois      26%        4d6       26%         6
 Summon Cactus Giant      Summ           25%        N/A       30%         6
 Death Channel            Necr           22%        N/A       38%         6
 Simulacrum               Ice/Necr       22%        N/A       38%         6
 Lehudib's Crystal Spear  Conj/Erth      41%        10d10     45%         8
 Chain Lightning          Conj/Air       50%        3d66      52%         9
 Malign Gateway           Summ/Tloc      26%        N/A       77%         7
 Monstrous Menagerie      Summ           25%        N/A       83%         7
 Summon Hydra             Summ           25%        N/A       83%         7
 Discord                  Hex            36%        N/A       83%         8
 Haunt                    Necr/Summ      24%        N/A       86%         7
 Ozocubu's Refrigeration  Ice            22%        4d12      90%         7
 Borgnjor's Revivificati  Necr           22%        N/A       100%        8
 Disjunction              Tloc           27%        N/A       100%        8
 Infestation              Necr           22%        N/A       100%        8
 Summon Horrible Things   Summ           25%        N/A       100%        8
 Death's Door             Necr           22%        N/A       100%        9
 Dragon's Call            Summ           25%        N/A       100%        9
 Polar Vortex             Ice            22%        12d3*     100%        9
 Shatter                  Erth           25%        3d21*     100%        9


Dungeon Overview and Level Annotations

Branches:
Dungeon (15/15)            Temple (1/1) D:4            Lair (5/5) D:8
 Shoals (4/4) Lair:3        Snake (4/4) Lair:3        Slime (2/5) Lair:5
    Orc (2/2) D:10            Elf (3/3) Orc:2        Vaults (5/5) D:13
  Crypt (3/3) Vaults:3       Tomb (1/3) Crypt:3      Depths (4/4) D:15
   Hell (visited)             Dis (0/7) Hell            Geh (0/7) Hell
    Coc (0/7) Hell            Tar (0/7) Hell            Zot (2/5) Depths:4
 Bailey (visited)

Altars:
Ashenzari
Cheibriados
Dithmenos
Fedhas
Gozag
Hepliaklqana
Kikubaaqudgha
Makhleb
Nemelex Xobeh
Okawaru
Qazlal
Ru
Sif Muna
Trog
Uskayaw
Vehumet
Wu Jian
Xom
Yredelemnul
Jiyva
Lugonu

Shops:
D:9 [   D:13 ([[[   Orc:1 **   Orc:2 (*:!   Elf:3 :!=*   Snake:4 (
Vaults:2 ([   Vaults:5 ?

Portals:
Hell: Depths:1 Depths:2 Depths:3 Depths:4
Abyss: Snake:4 Depths:3
Pandemonium: Depths:1 Depths:2 Depths:3
Ziggurat: Depths:1

Annotations:
D:3 1 transporter, cowcow's ghost, amateur DsVM
D:11 3 runed translucent doors, Kave's ghost, journeyman TrSh
Depths:4 exclusion: orange crystal statue
Zot:2 6 transporters


Innate Abilities, Weirdness & Mutations

You have hooves in place of feet.
You are surrounded by a strong repulsion field. (EV +4, RMsl)
A meltable icy envelope protects you from harm. (AC +0)
Your magical and physical power is greatly enhanced at high health.
When hurt, damage is shared between your health and your magic reserves.
You regenerate magic rapidly.
When low on magic, you restore magic in place of health.
A meltable shield of frost defends you. (SH +0)
You sometimes lose your temper in combat.
Your mind is acute. (Int +4, Str/Dex -1)
You are clumsy. (Dex -2)
You are very frail. (-20% HP)
You occasionally shout uncontrollably at your foes.
You occasionally lose the ability to read scrolls when taking damage.


Message History

The fireball engulfs the wretched star!
The wretched star resists.
The wretched star is moderately damaged.
The fireball engulfs the ufetubus!!
The ufetubus is burned terribly!
You kill the ufetubus!
The fireball engulfs the raiju!!
You kill the raiju!
The fireball engulfs the large abomination!!
The large abomination is heavily damaged.
The fireball engulfs the ice dragon!!!
The ice dragon is burned terribly!
You kill the ice dragon!
The ice dragon scales are intact enough to wear.
You feel a bit more experienced.
The fireball engulfs the large abomination but does no damage.
The large abomination is moderately damaged.
The fireball engulfs the rakshasa!
The rakshasa is heavily wounded.
The fireball engulfs the chaos spawn!!
You kill the chaos spawn!
The chaos spawn degenerates into a cloud of primal chaos!
The fireball engulfs the large abomination!!
The large abomination is almost destroyed.
The fireball engulfs the large abomination!!
You destroy the large abomination!
The fireball engulfs the large abomination!!
You destroy the large abomination!
The fireball engulfs the purple very ugly thing!!
The purple very ugly thing is severely wounded.
The fireball engulfs the apocalypse crab.
The apocalypse crab resists.
The apocalypse crab is lightly wounded.
The injured rakshasa weaves a defensive illusion!
You hear a bark!
The purple very ugly thing trunk-slaps you but does no damage.
The balrug gestures at you. Something smites you!
* * * LOW HITPOINT WARNING * * *
The rakshasa blinks!
The purple very ugly thing attacks as it pursues you!
The purple very ugly thing trunk-slaps you!
You die...

# . ### ..##.# ..
. ...... .##.#####
# . .#..##
###2.#.#..#.# .
.#...# #.......#..
... ) .*#
#...#....# . ..#4
#.*t#..#.#... ..#[
#.######..........
§#.. #*.#.#. #u@#
## ####...4tR##.#
# ###§.R..###
#§.#..#.#
#..##...... .h.
.........
................
..#.........#.. .
##. ..#... ###...


You could see a purple very ugly thing, a balrug, a wretched star, 2 rakshasas,
2 apocalypse crabs, a rust devil and a raiju.

Vanquished Creatures
  A dread lich (Vaults:5)
  An ancient lich (Vaults:5)
  An orb of fire (Zot:2)
  Mennas (Crypt:2)
  A juggernaut (Depths:4)
  2 royal mummies
  Margery (Crypt:1)
  5 caustic shrikes (Depths:4)
  Geryon (Hell)
  Vashnia (Snake:3)
  Nikola (Elf:2)
  3 golden dragons (Zot:2)
  4 bone dragons
  An electric golem (Zot:2)
  10 tentacled monstrosities
  3 doom hounds
  A Tzitzimitl (Depths:3)
  8 liches
  3 deep elf blademasters (Elf:3)
  A titan (Shoals:4)
  3 quicksilver dragons
  16 sphinxes
  4 deep elf master archers (Elf:3)
  2 death cobs
  8 ancient champions
  13 tentacled starspawn
  4 Executioners
  Frances (D:14)
  6 storm dragons
  Aizul (Shoals:4)
  8 shadow dragons
  Donald (Crypt:1)
  7 tengu reavers
  3 draconian monks
  9 nagarajas
  4 draconian knights
  8 revenants
  Ilsuiw (Shoals:3)
  10 deep elf sorcerers (Elf:3)
  7 frost giants
  18 vault wardens
  11 fire giants
  A spectral caustic shrike (Depths:3)
  A spectral juggernaut (Depths:3)
  4 ghouls
  2 caustic shrike zombies
  2 balrugs
  3 juggernaut zombies
  3 draconian stormcallers
  2 iron dragons (Vaults:5)
  4 draconian annihilators
  A draconian scorcher (Zot:2)
  An angel (Abyss:3)
  4 draconian shifters
  9 reapers
  A broodmother (shapeshifter) (Vaults:5)
  2 ghost moths (Zot:2)
  A curse skull (Crypt:3)
  3 formless jellyfish (Slime:1)
  27 ironbound preservers
  4 caustic shrike skeletons
  A quicksilver ooze (Lair:5)
  3 orc warlords
  20 very ugly things
  16 stone giants
  2 spriggan defenders (Depths:3)
  5 vampire knights
  9 ironbound thunderhulks
  Nessos (D:14)
  5 black draconians
  6 green draconians
  14 deep elf annihilators
  19 dire elephants
  The ghost of Unit the Devastator, a journeyman DsAE of Gozag (Lair:5)
  2 lorocyprocas
  4 purple draconians
  5 red draconians
  4 white draconians
  5 deep elf demonologists (Elf:3)
  6 yellow draconians
  7 spark wasps
  5 eidola
  The ghost of Unit the Eclecticist, a journeyman DsVM of Gozag (Lair:3)
  13 merfolk impalers
  A spectral spriggan (Depths:3)
  A crystal guardian (Hell)
  2 green deaths
  The ghost of Orb the Prestidigitator, a journeyman DjFE of Makhleb (Lair:2)
  10 deep elf death magi
  21 jiangshi
  13 ettins
  9 deep elf high priests
  10 mummy priests
  14 yaktaur captains
  8 fire dragons
  5 merfolk javelineers
  A ragged hierophant (Vaults:1)
  2 spriggan zombies
  10 great orbs of eyes
  An entropy weaver (Vaults:2)
  A spectral tengu (Depths:3)
  6 rakshasas
  Erolcha (Orc:1)
  A salamander tyrant (Snake:2)
  A great orb of eyes (shapeshifter) (Vaults:5)
  10 ice dragons
  A fenstrider witch zombie (Crypt:2)
  A hell beast (Depths:2)
  10 hydras
  A caustic shrike simulacrum (Depths:3)
  15 ironbound frosthearts
  An alligator snapping turtle (Shoals:2)
  3 merfolk avatars
  A peacekeeper (Vaults:3)
  2 death knights
  3 spriggan skeletons
  An alligator (shapeshifter) (Depths:1)
  An ogre mage (Abyss:3)
  8 spriggan air magi
  7 anacondas
  28 vault guards
  10 centaur warriors
  6 merfolk aquamancers
  A sphinx skeleton (Crypt:1)
  8 two-headed ogres
  A catoblepas (Lair:2)
  A two-headed ogre (shapeshifter) (Vaults:5)
  6 boulder beetles
  An azure jelly zombie (Crypt:3)
  5 death yaks
  2 satyrs (Shoals:2)
  20 death scarabs (Tomb:1)
  9 deep troll shamans
  25 dancing weapons
  2 deep troll earth magi
  7 tengu warriors
  2 orc high priests
  A spectral storm dragon (Depths:3)
  18 naga warriors
  12 shock serpents
  6 hell hogs
  18 naga sharpshooters
  A demonic crawler (Hell)
  3 occultists
  2 titan zombies
  8 deep elf knights
  18 vampire magi
  32 hell knights
  12 soul eaters
  5 spriggan berserkers
  5 thrashing horrors
  10 wretched stars
  2 fire crabs
  A titan skeleton (Crypt:2)
  Sonja (D:10)
  5 sun demons
  5 salamander mystics
  3 shadow wraiths
  29 skeletal warriors
  10 iron trolls
  7 skysharks
  A spatial maelstrom (Abyss:2)
  A storm dragon skeleton (Crypt:2)
  3 golden dragon zombies (Depths:3)
  A bunyip zombie (Abyss:2)
  15 sea snakes
  73 deep trolls
  A spectral spark wasp (Depths:3)
  8 flayed ghosts
  16 ironbound convokers
  2 orange crystal statues (Hell)
  5 glowing orange brains
  A swamp dragon (Lair:5)
  An anaconda skeleton (Crypt:1)
  6 lindwurms
  An orb spider (shapeshifter) (D:15)
  7 bog bodies
  23 harpies
  5 arcanists
  5 deep elf archers
  A golden dragon skeleton (Depths:3)
  22 starcursed masses
  7 naga ritualists
  13 phantasmal warriors
  12 deep elf pyromancers
  27 deep elf zephyrmancers
  28 necromancers
  14 orc knights
  17 mana vipers
  29 ugly things
  5 orc sorcerers
  A shining eye (Slime:2)
  2 elephants (Lair:2)
  21 manticores
  13 fauns
  A human zombie (Vaults:3)
  A manticore (shapeshifter) (Vaults:5)
  3 will-o-the-wisps (Abyss:3)
  A shadow dragon skeleton (Crypt:1)
  3 tengu skeletons
  2 titan simulacra (Depths:3)
  3 naga zombies
  An iron dragon zombie (Depths:3)
  12 moths of wrath
  18 salamanders
  5 cyclopes
  An iron dragon skeleton (Crypt:3)
  5 worldbinders
  3 apocalypse crabs
  A fire giant skeleton (Vaults:2)
  2 centaur zombies (Crypt:1)
  51 black mambas
  13 merfolk sirens
  2 guardian serpents
  10 water nymphs
  2 rust devils
  5 naga magi
  A frost giant skeleton (Crypt:1)
  17 vault sentinels
  3 eyes of devastation (Slime:2)
  Joseph (D:9)
  An alligator snapping turtle zombie (Crypt:3)
  An ice statue (Vaults:1)
  17 smoke demons
  A gargoyle (D:13)
  An orange demon (Abyss:1)
  A dire elephant zombie (Crypt:3)
  2 molten gargoyles (Hell)
  A centaur skeleton (Crypt:1)
  9 rime drakes
  2 unseen horrors (Depths:4)
  2 freezing wraiths
  17 cane toads
  A red draconian zombie (Crypt:2)
  A white draconian zombie (Crypt:2)
  2 hellions (Abyss:2)
  36 yaktaurs
  9 ancient zymes
  4 kobold demonologists
  2 tengu conjurers
  An alligator snapping turtle skeleton (Crypt:1)
  A tormentor (Depths:3)
  2 ice devils (Hell)
  An unseen horror zombie (Crypt:1)
  5 efreet
  A human skeleton (Vaults:3)
  2 red devils
  19 komodo dragons
  A golden dragon simulacrum (Depths:3)
  48 guardian mummies
  A hydra zombie (Crypt:2)
  3 harpy zombies
  A wolf spider simulacrum (D:14)
  A queen bee (shapeshifter) (Depths:2)
  14 trolls
  17 merfolk
  A meliai (shapeshifter) (Elf:3)
  A tyrant leech (shapeshifter) (Vaults:5)
  11 wind drakes
  12 polar bears
  9 snapping turtles
  11 hornets
  A glass eye (Slime:2)
  7 hellwings
  2 saltlings (Vaults:1)
  A blink frog (shapeshifter) (Elf:2)
  19 blink frogs
  2 harpy skeletons (Crypt:2)
  20 raiju
  A shadow dragon simulacrum (Depths:3)
  5 dream sheep
  An iron dragon simulacrum (Depths:3)
  A fire dragon zombie (Abyss:1)
  A satyr zombie (Crypt:2)
  A deep troll zombie (Vaults:2)
  8 air elementals
  28 large abominations
  55 slime creatures
  11 spriggans
  5 flying skulls (Crypt:3)
  33 water elementals
  A vampire (Abyss:3)
  An ettin skeleton (Abyss:3)
  A spriggan (shapeshifter) (D:13)
  11 wyverns
  8 wraiths
  17 shadows
  5 ynoxinuls
  61 yaks
  6 fire bats
  12 chaos spawn
  A fire elemental (Elf:3)
  10 ushabtiu
  2 fire dragon skeletons
  6 basilisks
  6 golden eyes (Slime:1)
  7 neqoxecs
  Grum (D:9)
  A steam dragon (D:8)
  2 yaktaur simulacra (Vaults:2)
  Edmund (D:5)
  A glowing shapeshifter zombie (Depths:3)
  3 acid dragons
  43 nagas
  A spatial vortex (Abyss:2)
  10 wargs
  A faun zombie (Crypt:1)
  18 water moccasins
  11 hell hounds (Lair:5)
  A deep troll skeleton (Crypt:2)
  3 swamp drakes (Lair:5)
  A demonspawn skeleton (Crypt:2)
  14 black bears
  53 orc warriors
  An ice beast (Abyss:3)
  3 sky beasts
  A dream sheep zombie (Crypt:1)
  A tengu (Abyss:3)
  54 wolves
  20 ogres
  3 boggarts
  A blink frog skeleton (Crypt:2)
  10 centaurs
  13 kobold brigands
  An elf zombie (Crypt:3)
  17 bullfrogs
  23 small abominations
  A gnoll sergeant (D:8)
  6 necrophages
  5 scorpions
  8 wights
  A water moccasin skeleton (Crypt:3)
  4 killer bees
  5 electric eels
  2 vampire bats (D:11)
  4 howler monkeys
  4 crimson imps (Abyss:1)
  5 quasits
  13 orc priests
  A jelly (D:5)
  2 gnoll boudas
  Crazy Yiuf (D:7)
  A black bear skeleton (Crypt:3)
  2 iron imps (Abyss:1)
  10 iguanas
  4 sleepcaps
  Natasha (thrice) (D:2)
  18 orc wizards
  3 yak simulacra (Lair:3)
  6 hell rats
  A scorpion zombie (Crypt:1)
  4 polar bear simulacra (Lair:3)
  A wolf simulacrum (Lair:3)
  An ogre zombie (Orc:1)
  27 mummies
  10 gnolls
  A gnoll (shapeshifter) (D:15)
  A howler monkey skeleton (Crypt:3)
  2 river rats (Lair:3)
  9 adders
  A swamp drake skeleton (Crypt:1)
  A shadow imp (Abyss:3)
  6 white imps
  14 ufetubi
  4 worms
  4 dart slugs
  88 orcs
  A bat skeleton (Crypt:1)
  7 endoplasms
  2 giant cockroaches
  13 goblins
  11 hobgoblins
  7 jackals
  A quokka (D:5)
  3 ball pythons
  11 bats
  5 frilled lizards
  A frilled lizard skeleton (Crypt:1)
  37 kobolds
  3 rats
  A rat skeleton (Crypt:2)
  A rat zombie (Crypt:3)
  3 river rat simulacra (Lair:3)
  5 lurking horrors
  2 starspawn tentacles (Abyss:1)
2851 creatures vanquished.

Vanquished Creatures (collateral kills)
  2 reapers (Hell)
  An iron golem (Depths:2)
  A dancing weapon (Abyss:3)
  4 hell hogs (Hell)
  3 soul eaters
  A demonic crawler (Depths:2)
  4 sun demons
  A deep troll (Vaults:1)
  A salamander (Snake:3)
  A red devil (Hell)
  A raiju (Abyss:3)
  9 ball lightnings
  12 foxfires
41 creatures vanquished.

Vanquished Creatures (others)
  A draconian scorcher (Zot:1)
  3 glowing orange brains
  A shining eye (shapeshifter) (Abyss:3)
  2 shining eyes (Abyss:1)
  4 golden eyes (Abyss:1)
  6 small abominations (Abyss:3)
  An iron imp (Abyss:1)
  32 jellies
  An ufetubus (Abyss:3)
  160 ball lightnings
  1223 foxfires
  3 lurking horrors
  6 starspawn tentacles
1443 creatures vanquished.

Grand Total: 4335 creatures vanquished

Notes
Turn   | Place    | Note
-------+----------+-------------------------------------------
     0 | D:1      | Spoofaccount the Demonspawn Fire Elementalist began the
                  | quest for the Orb.
     0 | D:1      | Reached XP level 1. HP: 13/13 MP: 3/3
   349 | D:1      | Gained mutation: A meltable shield of frost defends you.
                  | (SH +0) [demonic ancestry]
   349 | D:1      | Reached XP level 2. HP: 19/19 MP: 1/5
   419 | D:1      | Learned a level 2 spell: Scorch
  1200 | D:1      | Reached XP level 3. HP: 24/24 MP: 1/6
  2576 | D:2      | Noticed Natasha
  2581 | D:2      | Killed Natasha
  2582 | D:2      | Reached skill level 3 in Spellcasting
  2582 | D:2      | Reached XP level 4. HP: 30/30 MP: 3/8
  2766 | D:2      | Noticed Natasha
  2797 | D:2      | Killed Natasha
  3120 | D:2      | Gained mutation: You have sharp fingernails. [potion of
                  | mutation]
  3120 | D:2      | Gained mutation: You occasionally lose the ability to drink
                  | potions when taking damage. [potion of mutation]
  3417 | D:2      | Noticed Natasha
  3422 | D:2      | Killed Natasha
  3423 | D:2      | Gained mutation: You are surrounded by a mild repulsion
                  | field. (EV +2) [demonic ancestry]
  3423 | D:2      | Reached XP level 5. HP: 28/35 MP: 5/9
  3919 | D:3      | Found a shadowy altar of Dithmenos.
  3934 | D:3      | Noticed an ogre
  3953 | D:3      | Noticed an ogre
  3954 | D:3      | Noticed an ogre
  3954 | D:3      | Noticed cowcow's ghost (amateur DsVM)
  3955 | D:3      | Found a transporter.
  4091 | D:3      | Learned a level 3 spell: Inner Flame
  4213 | D:3      | Found a burning altar of Makhleb.
  4556 | D:3      | Found a faded altar of an unknown god.
  4572 | D:3      | Found a shimmering altar of Xom.
  5056 | D:4      | Reached skill level 4 in Spellcasting
  5056 | D:4      | Gained mutation: A meltable icy envelope protects you from
                  | harm. (AC +0) [demonic ancestry]
  5056 | D:4      | Reached XP level 6. HP: 41/41 MP: 2/12
  5795 | D:4      | Identified the ring of Noerikk {rF+ Will+ Str+6 Stlth-}
  5896 | D:4      | Found a staircase to the Ecumenical Temple.
  5905 | Temple   | Entered the Ecumenical Temple
  5922 | Temple   | Became a worshipper of Sif Muna the Loreminder
  5955 | D:4      | Identified the +8 mace "Aragru Gihi" {venom, *Rage +Blink
                  | Dex+8}
  6004 | D:4      | Noticed a +0 short sword
  6004 | D:4      | Noticed a +0 spear
  6004 | D:4      | Noticed a +0 short sword
  6004 | D:4      | Noticed a +0 dagger
  6004 | D:4      | Noticed a +0 dagger
  6005 | D:4      | Noticed a +0 falchion
  6005 | D:4      | Noticed a +0 falchion
  6005 | D:4      | Noticed a +0 spear
  6048 | D:4      | Found a hide-covered altar of Uskayaw.
  6085 | D:4      | Gained mutation: You have large cloven feet. [demonic
                  | ancestry]
  6085 | D:4      | Reached XP level 7. HP: 39/46 MP: 8/14
  6387 | D:5      | Entered Level 5 of the Dungeon
  6661 | D:5      | Reached skill level 5 in Spellcasting
  6661 | D:5      | Noticed Edmund
  6683 | D:5      | Killed Edmund
  6684 | D:5      | Reached skill level 5 in Fire Magic
  6901 | D:5      | Reached skill level 1 in Hexes
  7658 | D:5      | Learned a level 4 spell: Flame Wave
  7833 | D:5      | Learned a level 2 spell: Static Discharge
  7966 | D:5      | Reached XP level 8. HP: 52/52 MP: 8/16
  8734 | D:6      | Reached * piety under Sif Muna
  8817 | D:6      | Reached skill level 6 in Spellcasting
  8881 | D:6      | Reached skill level 1 in Armour
  9219 | D:6      | Found an iron altar of Okawaru.
  9441 | D:7      | Noticed a hornet
  9444 | D:6      | Paralysed by a hornet for 2 turns
  9449 | D:6      | Killed a hornet
  9450 | D:6      | Reached skill level 1 in Invocations
 10061 | D:7      | Found a flagged portal.
 10070 | Bailey   | Entered a bailey
 10119 | Bailey   | Reached XP level 9. HP: 52/57 MP: 7/19
 10242 | Bailey   | Noticed an orc knight
 10249 | Bailey   | Killed an orc knight
 10250 | Bailey   | Reached skill level 7 in Spellcasting
 10250 | Bailey   | Reached skill level 5 in Conjurations
 10436 | Bailey   | Reached ** piety under Sif Muna
 10584 | Bailey   | Noticed an orc knight
 10591 | Bailey   | Killed an orc knight
 10592 | Bailey   | Reached skill level 8 in Spellcasting
 10592 | Bailey   | Reached skill level 1 in Evocations
 10778 | Bailey   | Found a burning altar of Makhleb.
 11119 | D:7      | Found a runed translucent door.
 11120 | D:7      | Noticed Crazy Yiuf
 11131 | D:7      | Killed Crazy Yiuf
 11362 | D:8      | Gained mutation: You regenerate magic rapidly. [demonic
                  | ancestry]
 11362 | D:8      | Reached XP level 10. HP: 63/63 MP: 6/22
 12006 | D:8      | Reached *** piety under Sif Muna
 12013 | D:8      | Reached skill level 9 in Spellcasting
 12116 | D:8      | Found a staircase to the Lair.
 12121 | D:8      | Identified the +2 robe of the Raven {Rampage Drain Stlth+}
 12125 | D:8      | Reached skill level 5 in Invocations
 12661 | D:8      | Found a hazy altar of Hepliaklqana.
 12900 | D:9      | Noticed Joseph
 13052 | D:9      | Noticed Grum
 13354 | D:8      | Reached XP level 11. HP: 61/68 MP: 20/24
 13384 | D:9      | Killed Joseph
 13387 | D:9      | Reached **** piety under Sif Muna
 13406 | D:9      | Killed Grum
 13664 | D:9      | Found Uzeborha's Specialty Armours.
 14033 | D:9      | Found a sparkling altar of Nemelex Xobeh.
 14204 | D:10     | Entered Level 10 of the Dungeon
 14206 | D:10     | Found a staircase to the Orcish Mines.
 14420 | D:10     | Reached skill level 10 in Spellcasting
 14518 | D:10     | Reached ***** piety under Sif Muna
 14724 | D:10     | Noticed Sonja
 14727 | D:10     | Killed Sonja
 15193 | Gauntlet | Identified the of Toetsawk
 15193 | Lair:1   | Entered Level 1 of the Lair of Beasts
 15200 | Lair:1   | Reached skill level 10 in Fire Magic
 15542 | Lair:1   | Gained mutation: You have hoof-like feet. [demonic
                  | ancestry]
 15542 | Lair:1   | Reached XP level 12. HP: 74/74 MP: 0/26
 15705 | Lair:1   | Identified the "Zoleuneu" (Sif Muna gifted it to you on
                  | level 1 of the Lair of Beasts)
 15705 | Lair:1   | Received a gift from Sif Muna
 15706 | Lair:1   | Reached skill level 11 in Spellcasting
 16461 | Lair:1   | Learned a level 3 spell: Mephitic Cloud
 17415 | Lair:2   | Found a transporter.
 17416 | Lair:2   | Noticed Orb's ghost (journeyman DjFE)
 17423 | Lair:2   | Noticed a seven-headed hydra
 17436 | Lair:2   | Found a transporter.
 17591 | Lair:2   | Reached skill level 5 in Evocations
 17736 | Lair:2   | Noticed a six-headed hydra
 17747 | Lair:2   | Killed a six-headed hydra
 17761 | Lair:2   | Reached skill level 5 in Armour
 18424 | Lair:2   | Reached skill level 12 in Spellcasting
 18424 | Lair:2   | Gained mutation: You are surrounded by a moderate repulsion
                  | field. (EV +3) [demonic ancestry]
 18424 | Lair:2   | Reached XP level 13. HP: 67/79 MP: 18/29
 18822 | Lair:2   | Identified the +1 robe of Loygaci {Int+5}
 19624 | Lair:3   | Identified the "Toefota" (Sif Muna gifted it to you on
                  | level 3 of the Lair of Beasts)
 19624 | Lair:3   | Received a gift from Sif Muna
 19784 | Lair:3   | Found a staircase to the Shoals.
 19819 | Lair:3   | Found a runed translucent door.
 20753 | Lair:3   | Found a staircase to the Snake Pit.
 21048 | Lair:3   | Learned a level 3 spell: Stone Arrow
 21112 | Lair:3   | Noticed Unit's ghost (journeyman DsVM)
 21513 | Lair:4   | Found a shadowy altar of Dithmenos.
 21678 | Lair:4   | Identified the "Wuil" (Sif Muna gifted it to you on level
                  | 4 of the Lair of Beasts)
 21678 | Lair:4   | Received a gift from Sif Muna
 21854 | Lair:4   | Learned a level 5 spell: Irradiate
 22738 | Lair:4   | Reached skill level 13 in Spellcasting
 23241 | Lair:5   | Entered Level 5 of the Lair of Beasts
 23241 | Lair:5   | Found a viscous altar of Jiyva.
 23259 | Lair:4   | Gained mutation: You are weak. (Str -2) [mutagenic glow]
 23545 | Lair:5   | Reached skill level 5 in Hexes
 23545 | Lair:5   | Gained mutation: You have hooves in place of feet. [demonic
                  | ancestry]
 23545 | Lair:5   | Reached XP level 14. HP: 78/86 MP: 14/31
 23894 | Lair:5   | Found a staircase to the Slime Pits.
 24256 | Lair:5   | Noticed Unit's ghost (journeyman DsAE)
 24297 | Lair:5   | Found a runed translucent gate.
 24298 | Lair:5   | Found a runed translucent gate.
 24299 | Lair:5   | Found a runed translucent gate.
 24876 | Lair:5   | Received a gift from Sif Muna
 26265 | Lair:5   | Identified the of Vitsumow (Sif Muna gifted it to you on
                  | level 5 of the Lair of Beasts)
 26265 | Lair:5   | Received a gift from Sif Muna
 26386 | Lair:5   | Learned a level 5 spell: Fireball
 26393 | Lair:5   | Learned a level 6 spell: Plasma Beam
 26511 | Lair:5   | Reached skill level 14 in Spellcasting
 27114 | D:11     | Found a runed translucent gate.
 27114 | D:11     | Found a runed translucent gate.
 27114 | D:11     | Found a runed translucent gate.
 27119 | D:11     | Noticed Kave's ghost (journeyman TrSh)
 28082 | D:12     | Identified the blade talisman of Articulation {+Blink rPois
                  | Int+2 Dex-4 SInv}
 29265 | D:13     | Found Henaif's Antique Armour Shop.
 29651 | D:13     | Found Noussiuj's Weapon Shop.
 29738 | D:13     | Found Cior's Armour Emporium.
 29790 | D:13     | Bought a +2 helmet of intelligence for 301 gold pieces
 29888 | D:13     | Received a gift from Sif Muna
 29920 | D:13     | Learned a level 4 spell: Iskenderun's Mystic Blast
 29990 | D:13     | Found a gate to the Vaults.
 30238 | D:13     | Found Ostrerhe's Antique Armour Shop.
 30247 | D:13     | Bought a pair of embroidered gloves for 270 gold pieces
 30659 | D:14     | Reached XP level 15. HP: 87/91 MP: 18/33
 31198 | D:14     | Reached skill level 10 in Invocations
 31450 | D:14     | Noticed Nessos
 31453 | D:14     | Killed Nessos
 31803 | D:14     | Noticed Frances
 31811 | D:14     | Killed Frances
 32081 | D:15     | Entered Level 15 of the Dungeon
 33481 | D:15     | Received a gift from Sif Muna
 33651 | D:15     | Found a staircase to the Depths.
 33811 | Orc:1    | Entered Level 1 of the Orcish Mines
 34140 | Orc:1    | Found Dtoyjon's Desiderata Depot.
 34168 | Orc:1    | Found Pyodgh's Assorted Antiques.
 34178 | Orc:1    | Bought a potion of curing for 60 gold pieces
 34178 | Orc:1    | Bought a potion of curing for 60 gold pieces
 34178 | Orc:1    | Bought a scroll labelled TANLAXKEAQO for 20 gold pieces
 34389 | Orc:2    | Entered Level 2 of the Orcish Mines
 34827 | Orc:2    | Reached skill level 15 in Spellcasting
 34945 | Orc:2    | Identified the "Xopnaboa" (Sif Muna gifted it to you on
                  | level 2 of the Orcish Mines)
 34945 | Orc:2    | Received a gift from Sif Muna
 35679 | Orc:2    | Reached skill level 1 in Air Magic
 36118 | Orc:2    | Found a staircase to the Elven Halls.
 36165 | Orc:2    | Found Agaeruxe's Weapon Boutique.
 36165 | Orc:2    | Found Julum's General Store.
 36207 | Orc:2    | Found Bydiudwi's Book Boutique.
 36207 | Orc:2    | Found Jaunylid's Distillery.
 36222 | Orc:2    | Bought a potion of mutation for 88 gold pieces
 36222 | Orc:2    | Bought a potion of haste for 110 gold pieces
 36222 | Orc:2    | Bought a potion of heal wounds for 55 gold pieces
 36222 | Orc:2    | Bought a potion of mutation for 88 gold pieces
 37240 | Orc:1    | Noticed Erolcha
 37242 | Orc:1    | Killed Erolcha
 37691 | Snake:1  | Entered Level 1 of the Snake Pit
 38038 | Shoals:1 | Entered Level 1 of the Shoals
 38044 | Shoals:1 | Identified the "Peru Vaebe" (Sif Muna gifted it to you on
                  | level 1 of the Shoals)
 38044 | Shoals:1 | Received a gift from Sif Muna
 38135 | Lair:3   | Reached skill level 1 in Fighting
 38370 | Lair:3   | Gained mutation: When hurt, damage is shared between your
                  | health and your magic reserves. [demonic ancestry]
 38370 | Lair:3   | Reached XP level 16. HP: 99/99 MP: 19/35
 38370 | Lair:3   | Killed Unit's ghost
 39108 | Shoals:1 | Reached skill level 1 in Translocations
 41838 | Snake:1  | Reached skill level 16 in Spellcasting
 42125 | Snake:1  | Reached skill level 10 in Conjurations
 42134 | Snake:1  | Gained mutation: You are frail. (-10% HP) [mutagenic glow]
 42315 | Snake:1  | Lost mutation: You have sharp fingernails. [potion of
                  | mutation]
 42315 | Snake:1  | Lost mutation: You occasionally lose the ability to drink
                  | potions when taking damage. [potion of mutation]
 42315 | Snake:1  | Gained mutation: Your flesh is cold resistant. (rC+)
                  | [potion of mutation]
 42315 | Snake:1  | Lost mutation: You are frail. (-10% HP) [potion of
                  | mutation]
 42315 | Snake:1  | Gained mutation: Your spells are a little harder to cast,
                  | but a little more powerful. [potion of mutation]
 42447 | Snake:2  | Reached skill level 1 in Shields
 42860 | Snake:2  | Identified the "Gaahoun" (Sif Muna gifted it to you on
                  | level 2 of the Snake Pit)
 42860 | Snake:2  | Received a gift from Sif Muna
 44119 | Snake:2  | Reached skill level 15 in Fire Magic
 45580 | Snake:3  | Reached XP level 17. HP: 104/104 MP: 10/37
 47137 | Snake:3  | Identified the "Rear" (Sif Muna gifted it to you on level
                  | 3 of the Snake Pit)
 47137 | Snake:3  | Received a gift from Sif Muna
 49399 | Shoals:3 | Found a runed translucent door.
 49598 | Shoals:3 | Noticed Ilsuiw
 50914 | Shoals:3 | Killed Ilsuiw
 50964 | Shoals:3 | Reached skill level 17 in Spellcasting
 51935 | Shoals:4 | Identified the of Urerimit
 51935 | Shoals:4 | Entered Level 4 of the Shoals
 51935 | Shoals:4 | Found a blossoming altar of Fedhas.
 52145 | Shoals:4 | Reached skill level 1 in Transmutations
 52253 | Shoals:4 | Paralysed by an air elemental for 1 turns
 52257 | Shoals:3 | Paralysed by an air elemental for 1 turns
 52261 | Shoals:3 | Paralysed by an air elemental for 1 turns
 52429 | Shoals:4 | Identified the "Cokiry" (Sif Muna gifted it to you on
                  | level 4 of the Shoals)
 52429 | Shoals:4 | Received a gift from Sif Muna
 52817 | Shoals:4 | Paralysed by an air elemental for 1 turns
 52997 | Shoals:4 | Paralysed by an air elemental for 1 turns
 53298 | Shoals:4 | Paralysed by an air elemental for 1 turns
 53301 | Shoals:4 | Paralysed by an air elemental for 1 turns
 53371 | Shoals:4 | Gained mutation: Your magical and physical power is
                  | slightly enhanced at high health. [demonic ancestry]
 53371 | Shoals:4 | Reached XP level 18. HP: 110/110 MP: 29/39
 53615 | Shoals:4 | Reached skill level 10 in Evocations
 53752 | Shoals:4 | Identified the serpent talisman of Protective Custody {rF+}
 53752 | Shoals:4 | Noticed Aizul
 53761 | Shoals:4 | Killed Aizul
 54574 | Shoals:4 | Found a blossoming altar of Fedhas.
 55043 | Shoals:4 | Got a barnacled rune of Zot
 55060 | Shoals:4 | Learned a level 8 spell: Ignition
 55550 | Snake:3  | Reached skill level 10 in Armour
 55674 | Snake:3  | Identified the "Jumpixas" (Sif Muna gifted it to you on
                  | level 3 of the Snake Pit)
 55674 | Snake:3  | Received a gift from Sif Muna
 56209 | Snake:4  | Entered Level 4 of the Snake Pit
 56239 | Snake:3  | Noticed Vashnia
 56489 | Snake:3  | Killed Vashnia
 56741 | Snake:3  | Identified the +1 war axe "Oqiocacw" {speed, rCorr}
 58873 | Snake:4  | Found Tash's Weapon Shoppe.
 58939 | Snake:4  | Found a corrupted altar of Lugonu.
 58939 | Snake:4  | Found a one-way gate to the infinite horrors of the Abyss.
 60186 | Snake:4  | Reached skill level 5 in Air Magic
 60703 | Snake:4  | Got a serpentine rune of Zot
 61155 | Vaults:1 | Entered Level 1 of the Vaults
 61379 | D:13     | Gained mutation: You are surrounded by a strong repulsion
                  | field. (EV +4, RMsl) [demonic ancestry]
 61379 | D:13     | Reached XP level 19. HP: 57/115 MP: 6/40
 61395 | D:13     | Gained mutation: You occasionally shout uncontrollably at
                  | your foes. [mutagenic glow]
 61647 | Vaults:5 | Identified the "Ucaequla"
 61647 | Crypt:3  | Identified the "Adghuv"
 61647 | Depths:1 | Entered Level 1 of the Depths
 61656 | D:15     | Reached skill level 18 in Spellcasting
 61816 | D:13     | Lost mutation: You are weak. (Str -2) [mutagenic glow]
 62778 | Vaults:1 | Identified the "Kagefaed" (Sif Muna gifted it to you on
                  | level 1 of the Vaults)
 62778 | Vaults:1 | Received a gift from Sif Muna
 64177 | Vaults:1 | Identified the "Daasops" (Sif Muna gifted it to you on
                  | level 1 of the Vaults)
 64177 | Vaults:1 | Received a gift from Sif Muna
 65745 | Vaults:2 | Found Nuppeele's Armour Shoppe.
 66205 | Vaults:2 | Found Xitt's Weapon Emporium.
 66218 | Vaults:2 | Identified the "Hudo" (Sif Muna gifted it to you on level
                  | 2 of the Vaults)
 66218 | Vaults:2 | Received a gift from Sif Muna
 67013 | Vaults:3 | Gained mutation: Your magical and physical power is
                  | enhanced at high health. [demonic ancestry]
 67013 | Vaults:3 | Reached XP level 20. HP: 121/121 MP: 30/42
 67598 | Vaults:3 | Reached skill level 19 in Spellcasting
 67881 | Vaults:3 | Found a staircase to the Crypt.
 68904 | Vaults:3 | Paralysed by a sphinx for 5 turns
 68909 | Vaults:3 | Identified the "Ting" (Sif Muna gifted it to you on level
                  | 3 of the Vaults)
 68909 | Vaults:3 | Identified the "Ameck" (Sif Muna gifted it to you on level
                  | 3 of the Vaults)
 68909 | Vaults:3 | Received a gift from Sif Muna
 69750 | Vaults:3 | Found a gateway to a bazaar.
 69759 | Bazaar   | Entered a bazaar
 69771 | Bazaar   | Found Kaced's Distillery.
 69779 | Bazaar   | Bought a potion of curing for 27 gold pieces
 69779 | Bazaar   | Bought a potion of curing for 27 gold pieces
 69779 | Bazaar   | Bought a potion of curing for 27 gold pieces
 69779 | Bazaar   | Bought a potion of heal wounds for 45 gold pieces
 69785 | Bazaar   | Found Rosmit's Jewellery Shoppe.
 69800 | Bazaar   | Found Mizash's Antique Armour Shop.
 69820 | Bazaar   | Found Lecur's Weapon Shoppe.
 69843 | Bazaar   | Found Gattip's Book Emporium.
 69967 | Bazaar   | Bought an amulet of magic regeneration for 360 gold pieces
 70003 | Bazaar   | Bought the +5 trident "Hydrabane" {pain, rElec rPois Int+4}
                  | for 422 gold pieces
 70642 | Vaults:4 | Learned a level 6 spell: Conjure Ball Lightning
 70650 | Vaults:4 | Learned a level 7 spell: Orb of Destruction
 70803 | Vaults:4 | Reached skill level 15 in Invocations
 73673 | D:15     | Reached XP level 21. HP: 44/126 MP: 22/44
 74891 | Depths:1 | Found a one-way gate leading to the halls of Pandemonium.
 74963 | Depths:1 | Found a one-way gateway to a ziggurat.
 75071 | Depths:1 | Identified the +5 rapier of the Jumping Gods {protect,
                  | rPois rC+ Will+}
 75482 | Depths:1 | Found a gateway to Hell.
 75569 | Depths:1 | Identified the ring "Wupn" {Drain rF+ Will+ rCorr}
 75950 | Depths:2 | Reached skill level 20 in Spellcasting
 76265 | Depths:2 | Identified the +11 bardiche "Otilopy" {drain, +Blink rElec
                  | Str+5 Dex+3}
 79306 | Depths:3 | Identified the "Zufu" (Sif Muna gifted it to you on level
                  | 3 of the Depths)
 79306 | Depths:3 | Received a gift from Sif Muna
 80345 | Depths:3 | Reached XP level 22. HP: 133/133 MP: 30/46
 80935 | Depths:3 | Identified the "Pohiecos" (Sif Muna gifted it to you on
                  | level 3 of the Depths)
 80935 | Depths:3 | Received a gift from Sif Muna
 81153 | Depths:3 | Found an ancient bone altar of Kikubaaqudgha.
 81242 | Depths:3 | Identified the staff of Obiter Dictum {Fragile Str+3 Int+3
                  | Earth}
 81702 | Depths:3 | Found the +3 greatsling "Punk" {acid, rCorr}
 81717 | Depths:3 | Identified the +8 war axe of Sloth {venom, rPois Int+2}
 81861 | Depths:3 | Found a corrupted altar of Lugonu.
 82217 | Depths:4 | Identified the "Duwugiu"
 82217 | Depths:4 | Entered Level 4 of the Depths
 82217 | Depths:4 | Noticed a juggernaut
 82608 | Depths:3 | Reached skill level 21 in Spellcasting
 82848 | Depths:4 | Killed a juggernaut
 83577 | Depths:4 | Found a gate to the Realm of Zot.
 83583 | Depths:4 | Received a gift from Sif Muna
 84353 | Depths:4 | Noticed a caustic shrike
 84353 | Depths:4 | Noticed a caustic shrike
 84353 | Depths:4 | Noticed a caustic shrike
 84354 | Depths:4 | Noticed a caustic shrike
 84355 | Depths:4 | Noticed a caustic shrike
 84357 | Depths:4 | Killed a caustic shrike
 84539 | Depths:4 | Killed a caustic shrike
 84741 | Depths:4 | Killed a caustic shrike
 84771 | Depths:4 | Killed a caustic shrike
 84834 | Depths:4 | Killed a caustic shrike
 85183 | Elf:1    | Entered Level 1 of the Elven Halls
 86132 | Elf:2    | Noticed Nikola
 86191 | Elf:2    | Killed Nikola
 86284 | Elf:2    | Reached XP level 23. HP: 129/139 MP: 20/48
 86348 | Elf:2    | Identified the +9 halberd "Spider's Bane" {antimagic, rCorr
                  | SInv}
 86704 | Elf:2    | Found a runed translucent gate.
 86704 | Elf:2    | Found a runed translucent gate.
 86706 | Elf:2    | Found a runed translucent gate.
 86855 | Elf:3    | Identified the of Zeffuq
 86855 | Elf:3    | Entered Level 3 of the Elven Halls
 87088 | Elf:3    | Found Viyl's Book Shop.
 87094 | Elf:3    | Found Humaolik's Distillery.
 87100 | Elf:3    | Bought a potion of haste for 170 gold pieces
 87100 | Elf:3    | Bought a potion of curing for 51 gold pieces
 87128 | Elf:3    | Found Orhuik's Jewellery Emporium.
 87202 | Elf:3    | Found Goseog's General Store.
 87205 | Elf:3    | Bought a scroll of enchant armour for 105 gold pieces
 87289 | Elf:3    | Identified the "Raovea" (Sif Muna gifted it to you on
                  | level 3 of the Elven Halls)
 87289 | Elf:3    | Received a gift from Sif Muna
 87290 | Elf:3    | Reached skill level 15 in Conjurations
 87606 | Elf:3    | Identified the amulet of Dais Dor {Acrobat Harm rElec}
 87607 | Elf:3    | Identified the +6 morningstar of Caddogru {freeze, Contam
                  | rCorr Dex+2}
 87829 | Elf:3    | Identified the +2 ring mail "Helorch" {Harm Str+3}
 88186 | Elf:3    | Identified the +0 scale mail of Etiogiyph {Rampage}
 88264 | Elf:3    | Identified the ring of Detat {Will+ rCorr Int+8 Dex+3
                  | Slay-2}
 89092 | Vaults:5 | Entered Level 5 of the Vaults
 89098 | Vaults:5 | Identified the "Poifutz" (Sif Muna gifted it to you on
                  | level 5 of the Vaults)
 89098 | Vaults:5 | Received a gift from Sif Muna
 89396 | Vaults:3 | Reached skill level 22 in Spellcasting
 89640 | Slime:1  | Entered Level 1 of the Pits of Slime
 89711 | Lair:5   | Killed Unit's ghost
 89762 | Lair:5   | Identified the +4 hat of the Devil's Advocate {Harm rF+
                  | rN++ Slay+3}
 90225 | Vaults:5 | Identified the +9 great mace "Dehaps" {drain, Will+}
 90416 | Vaults:5 | Gained mutation: When low on magic, you restore magic in
                  | place of health. [demonic ancestry]
 90416 | Vaults:5 | Reached XP level 24. HP: 115/146 MP: 33/49
 90424 | Vaults:5 | Noticed a dread lich
 90430 | Vaults:5 | Killed a dread lich
 90556 | Vaults:5 | Identified the +3 sling "Omoch" {elec, SInv}
 90567 | Vaults:5 | Got a silver rune of Zot
 90616 | Vaults:5 | Identified the +8 dire flail "Kitwe Xawn" {venom, rPois
                  | Str+2}
 90663 | Vaults:5 | Reached skill level 10 in Air Magic
 90725 | Vaults:5 | Identified the +8 long sword "Onuce" {vamp, Int+4}
 90781 | Vaults:5 | Identified the staff "Usahox" {rN+ rCorr Stlth- Earth}
 90814 | Vaults:5 | Identified the of Faumnuymn (Sif Muna gifted it to you on
                  | level 5 of the Vaults)
 90814 | Vaults:5 | Received a gift from Sif Muna
 90939 | Vaults:5 | Found Yrchivimn's Magic Scroll Boutique.
 90949 | Vaults:5 | Bought a scroll of teleportation for 36 gold pieces
 91020 | Vaults:5 | Identified the ring of Yblijil {rC+ Will- Str+6 Int+9}
 91312 | Vaults:5 | Identified the +5 shortbow of the Inferno {drain, rCorr
                  | MP+9 Stlth+}
 91324 | Vaults:5 | Noticed an ancient lich
 91331 | Vaults:5 | Killed an ancient lich
 91457 | Vaults:5 | Identified the +2 robe of Woel {Str+3}
 91475 | Vaults:5 | Identified the +4 shortbow of the Soothsayer {elec, Contam
                  | Will+ MP+9 Int+4}
 91476 | Vaults:5 | Identified the +10 sling of Red Reinforcement {speed, rC+
                  | rN+ Dex+2}
 92435 | Slime:2  | Reached ****** piety under Sif Muna
 92663 | Slime:2  | Gained mutation: You sometimes lose your temper in combat.
                  | [a shining eye]
 92664 | Slime:2  | Identified the "Ebieffiugu" (Sif Muna gifted it to you on
                  | level 2 of the Pits of Slime)
 92664 | Slime:2  | Received a gift from Sif Muna
 92821 | Lair:2   | Killed Orb's ghost
 92867 | Lair:2   | Learned a level 9 spell: Fire Storm
 93146 | Hell     | Entered the Vestibule of Hell
 93146 | Hell     | Noticed Geryon
 93152 | Hell     | Killed Geryon
 93619 | Zot:1    | Entered Level 1 of the Realm of Zot
 93913 | Crypt:1  | Entered Level 1 of the Crypt
 93979 | Crypt:1  | Noticed Margery
 94279 | Crypt:1  | Killed Margery
 94280 | Crypt:1  | Reached skill level 23 in Spellcasting
 94649 | Crypt:1  | Identified the of Yczin (Sif Muna gifted it to you on
                  | level 1 of the Crypt)
 94649 | Crypt:1  | Received a gift from Sif Muna
 94845 | Crypt:1  | Noticed Donald
 94848 | Crypt:1  | Killed Donald
 94917 | Crypt:1  | Reached skill level 15 in Evocations
 95102 | Crypt:1  | Identified the +0 leather armour of Cynicism {rElec Str+3
                  | Int-3 Dex+6}
 95599 | Crypt:2  | Noticed Mennas
 95603 | Crypt:2  | Gained mutation: A meltable icy envelope protects you from
                  | harm. (AC +0) [demonic ancestry]
 95603 | Crypt:2  | Reached XP level 25. HP: 151/151 MP: 16/50
 95618 | Crypt:2  | Killed Mennas
 95777 | Crypt:2  | Identified the "Duklemuh" (Sif Muna gifted it to you on
                  | level 2 of the Crypt)
 95777 | Crypt:2  | Identified the "Apif" (Sif Muna gifted it to you on level
                  | 2 of the Crypt)
 95777 | Crypt:2  | Received a gift from Sif Muna
 96493 | Crypt:3  | Entered Level 3 of the Crypt
 96495 | Crypt:3  | Identified the "Xausua" (Sif Muna gifted it to you on
                  | level 3 of the Crypt)
 96495 | Crypt:3  | Received a gift from Sif Muna
 97047 | Crypt:3  | Received a gift from Sif Muna
 97833 | Crypt:3  | Noticed a royal mummy
 97835 | Crypt:3  | Killed a royal mummy
 98329 | Crypt:3  | Identified the dragon-blood talisman of the Wary Beds {rC-
                  | rN+ Str+4 Slay+3}
 98420 | Crypt:3  | Found a staircase to the Tomb.
 98511 | Crypt:3  | Identified the ring "Orrup" {rF+ rN+ Str+2 Int+3 Dex-4}
 98511 | Crypt:3  | Identified the ring "Legem" {rPois rF- rN+ rCorr Dex+3}
 98868 | Crypt:3  | Identified the amulet of Zesirhid {Reflect Fly rPois rC-
                  | Will+ SH+5}
 99417 | Elf:2    | Identified the of Yptuohid (Sif Muna gifted it to you on
                  | level 2 of the Elven Halls)
 99417 | Elf:2    | Identified the "Akhuqohemem" (Sif Muna gifted it to you on
                  | level 2 of the Elven Halls)
 99417 | Elf:2    | Identified the of Xoepouj (Sif Muna gifted it to you on
                  | level 2 of the Elven Halls)
 99417 | Elf:2    | Identified the "Viogha" (Sif Muna gifted it to you on
                  | level 2 of the Elven Halls)
 99417 | Elf:2    | Identified the "Aqirphar" (Sif Muna gifted it to you on
                  | level 2 of the Elven Halls)
 99417 | Elf:2    | Identified the "Liotz" (Sif Muna gifted it to you on level
                  | 2 of the Elven Halls)
 99417 | Elf:2    | Identified the of Xoifes (Sif Muna gifted it to you on
                  | level 2 of the Elven Halls)
 99417 | Elf:2    | Identified the "Ugyozyth" (Sif Muna gifted it to you on
                  | level 2 of the Elven Halls)
 99417 | Elf:2    | Identified the of Jithrebo (Sif Muna gifted it to you on
                  | level 2 of the Elven Halls)
 99417 | Elf:2    | Identified the "Ygost" (Sif Muna gifted it to you on level
                  | 2 of the Elven Halls)
 99417 | Elf:2    | Identified the of Cowarur (Sif Muna gifted it to you on
                  | level 2 of the Elven Halls)
 99417 | Elf:2    | Identified the "Ekiseaci" (Sif Muna gifted it to you on
                  | level 2 of the Elven Halls)
 99417 | Elf:2    | Identified the "Subotuer" (Sif Muna gifted it to you on
                  | level 2 of the Elven Halls)
 99417 | Elf:2    | Identified the "Vuve" (Sif Muna gifted it to you on level
                  | 2 of the Elven Halls)
 99417 | Elf:2    | Identified the of Reafagh (Sif Muna gifted it to you on
                  | level 2 of the Elven Halls)
 99417 | Elf:2    | Received a gift from Sif Muna
100403 | Depths:1 | Lost mutation: Your flesh is cold resistant. (rC+)
                  | [mutagenic glow]
100739 | Zot:1    | Reached skill level 24 in Spellcasting
102060 | Zot:2    | Found a transporter.
102068 | Zot:2    | Found a transporter.
102089 | Zot:2    | Gained mutation: Your magical and physical power is greatly
                  | enhanced at high health. [demonic ancestry]
102089 | Zot:2    | Reached XP level 26. HP: 157/157 MP: 29/51
102158 | Zot:2    | Noticed an orb of fire
102160 | Zot:2    | Gained mutation: You occasionally lose the ability to read
                  | scrolls when taking damage. [an orb of fire]
102163 | Zot:2    | Gained mutation: Your mind is acute. (Int +4, Str/Dex -1)
                  | [an orb of fire]
102166 | Zot:2    | Lost mutation: Your spells are a little harder to cast, but
                  | a little more powerful. [an orb of fire]
102166 | Zot:2    | Killed an orb of fire
102585 | Zot:2    | Found a transporter.
102587 | Zot:2    | Found a transporter.
102691 | Zot:2    | Found a transporter.
102692 | Zot:2    | Found a transporter.
102881 | Zot:2    | Identified the of Vufi (Sif Muna gifted it to you on level
                  | 2 of the Realm of Zot)
102881 | Zot:2    | Identified the of Xatwot (Sif Muna gifted it to you on
                  | level 2 of the Realm of Zot)
102881 | Zot:2    | Identified the "Nuodwal" (Sif Muna gifted it to you on
                  | level 2 of the Realm of Zot)
102881 | Zot:2    | Identified the "Ucley" (Sif Muna gifted it to you on level
                  | 2 of the Realm of Zot)
102881 | Zot:2    | Identified the "Riopnuru" (Sif Muna gifted it to you on
                  | level 2 of the Realm of Zot)
102881 | Zot:2    | Identified the "Vetaj" (Sif Muna gifted it to you on level
                  | 2 of the Realm of Zot)
102881 | Zot:2    | Identified the "Biqis" (Sif Muna gifted it to you on level
                  | 2 of the Realm of Zot)
102881 | Zot:2    | Identified the "Anodwe Lun" (Sif Muna gifted it to you on
                  | level 2 of the Realm of Zot)
102881 | Zot:2    | Identified the "Dopi" (Sif Muna gifted it to you on level
                  | 2 of the Realm of Zot)
102881 | Zot:2    | Identified the "Wanot" (Sif Muna gifted it to you on level
                  | 2 of the Realm of Zot)
102881 | Zot:2    | Identified the of Eguymmox (Sif Muna gifted it to you on
                  | level 2 of the Realm of Zot)
102881 | Zot:2    | Identified the of Luplaum (Sif Muna gifted it to you on
                  | level 2 of the Realm of Zot)
102881 | Zot:2    | Identified the "Puplop" (Sif Muna gifted it to you on
                  | level 2 of the Realm of Zot)
102881 | Zot:2    | Identified the "Rockonif" (Sif Muna gifted it to you on
                  | level 2 of the Realm of Zot)
102881 | Zot:2    | Identified the "Heprem" (Sif Muna gifted it to you on
                  | level 2 of the Realm of Zot)
102881 | Zot:2    | Identified the "Fyog" (Sif Muna gifted it to you on level
                  | 2 of the Realm of Zot)
102881 | Zot:2    | Identified the "Cannyphu" (Sif Muna gifted it to you on
                  | level 2 of the Realm of Zot)
102881 | Zot:2    | Identified the of Vytoal (Sif Muna gifted it to you on
                  | level 2 of the Realm of Zot)
102881 | Zot:2    | Identified the "Ticram" (Sif Muna gifted it to you on
                  | level 2 of the Realm of Zot)
102881 | Zot:2    | Identified the "Bammy" (Sif Muna gifted it to you on level
                  | 2 of the Realm of Zot)
102881 | Zot:2    | Identified the of Qoyvvusm (Sif Muna gifted it to you on
                  | level 2 of the Realm of Zot)
102881 | Zot:2    | Identified the "Lath" (Sif Muna gifted it to you on level
                  | 2 of the Realm of Zot)
102881 | Zot:2    | Received a gift from Sif Muna
103367 | Hell     | Reached skill level 15 in Armour
103764 | Hell     | Found a gateway to the ashen valley of Gehenna.
103918 | Hell     | Found a gateway to the Iron City of Dis.
103968 | Hell     | Found a gateway to the freezing wastes of Cocytus.
104048 | Hell     | Found a gateway to the decaying netherworld of Tartarus.
104350 | Tomb:1   | Entered Level 1 of the Tomb of the Ancients
104984 | Tomb:1   | Noticed a royal mummy
104990 | Tomb:1   | Killed a royal mummy
105309 | Tomb:1   | Identified the +6 rapier of the Enchanted Forest {heavy,
                  | rPois Str+5 Dex+3}
106119 | Lair:5   | Fell from the grace of Sif Muna
106119 | Lair:5   | Became a worshipper of Jiyva Jaoryid the Shapeless
106734 | Depths:3 | Voluntarily entered the Abyss.
106750 | Abyss:1  | Found a corrupted altar of Lugonu.
106776 | Abyss:1  | Found a corrupted altar of Lugonu.
106809 | Abyss:1  | Found a corrupted altar of Lugonu.
106956 | Abyss:1  | Found a corrupted altar of Lugonu.
107069 | Abyss:1  | Found a corrupted altar of Lugonu.
107126 | Depths:3 | Escaped the Abyss
107160 | Depths:3 | Voluntarily entered the Abyss.
107228 | Abyss:1  | Found a corrupted altar of Lugonu.
107344 | Abyss:1  | Found a corrupted altar of Lugonu.
107586 | Abyss:1  | Reached * piety under Jiyva
107677 | Abyss:2  | Found a corrupted altar of Lugonu.
107809 | Depths:3 | Escaped the Abyss
107829 | Depths:3 | Voluntarily entered the Abyss.
107982 | Abyss:2  | Reached ** piety under Jiyva
108053 | Abyss:3  | Found a corrupted altar of Lugonu.
108056 | Abyss:3  | Gained mutation: You are frail. (-10% HP) [mutagenic glow]
108069 | Abyss:3  | Gained mutation: You are clumsy. (Dex -2) [mutagenic glow]
108116 | Abyss:3  | Found a corrupted altar of Lugonu.
108283 | Abyss:3  | Reached skill level 25 in Spellcasting
108292 | Depths:3 | Escaped the Abyss
108322 | Depths:3 | Voluntarily entered the Abyss.
108368 | Abyss:3  | Reached XP level 27. HP: 135/146 MP: 32/52
108432 | Abyss:3  | Gained mutation: You are very frail. (-20% HP) [mutagenic
                  | glow]
108671 | Depths:3 | Escaped the Abyss
108707 | Depths:3 | Voluntarily entered the Abyss.
109385 | Depths:3 | Escaped the Abyss
109599 | Depths:3 | Voluntarily entered the Abyss.
109735 | Abyss:3  | Slain by a purple very ugly thing

Illustrated notes

Levels and vault maps discovered:
D:1:      dpeg_arrival_simpleton_a, layout_basic, minmay_nonomino_d4
D:2:      minmay_chambers_of_twos, layout_loops_ring,
          kennysheep_generic_room_16, uniq_natasha
D:3:      layout_rooms, grunt_dithmenos_smoke_and_mirrors, lemuel_round_altar,
          lemuel_doored_altar, gammafunk_ghost_smash, basic_ecumenical_altar
D:4:      layout_basic, nicolae_uskayaw_en_pointe, mainiacjoe_overflow_paths,
          minmay_temple_entry_junction, minmay_fractal_squares_5
D:5:      layout_layer_cave, uniq_edmund
D:6:      layout_basic, lemuel_crystal_altar
D:7:      layout_cave_pools, enter_bailey_3, uniq_crazy_yiuf_cottage
D:8:      kennysheep_ambush_hall, layout_basic, elyvilon_altar_5,
          mainiacjoe_overflow_tiny_flanked, minmay_lair_entry_grove
D:9:      layout_rooms, kennysheep_mini, nicolae_barding_shop, uniq_grum,
          uniq_joseph
D:10:     layout_basic, david_orc_5, uniq_sonja
D:11:     layout_irregular_city, gammafunk_ghost_necromancy, roderic_batcave,
          nicolae_concentric_dashed_squares_mild
D:12:     layout_loops_ring, nrook_pool_corridor
D:13:     layout_roguey, david_vaults_1, serial_shops, shop_fountains,
          kennysheep_mini_moat, shop, shop, hangedman_stone_soup
D:14:     layout_loops_cross, portal_ice_cave_entry_ugly_swarm,
          minmay_misc_feat_doors, bh_walls_and_bars, uniq_nessos, uniq_frances
D:15:     gammafunk_enter_depths_forms, layout_basic, minivault_24
Temple:   cyrus_circular_temple
Lair:1:   layout_layer_cave, gauntlet_entry_generic, dreamdust_gnoll_shepherd
Lair:2:   layout_loops_ring, gammafunk_ghost_arena, minmay_shattered_shrine,
          grunt_megastairs_5
Lair:3:   layout_regular_city, minmay_shoals_entry_centaurs,
          alex1729_snake_entry_snake, ebering_ghost_inner_flame,
          serial_bayou_ford_a, eino_house_with_fridge
Lair:4:   nzn_winding_woodlands_three_and_one
          [nzn_winding_woodlands_5x15_longhouse,
          nzn_winding_woodlands_5x15_pool,
          nzn_winding_woodlands_5x15_pathside_ponds,
          nzn_winding_woodlands_center_lodge], layout_cave_pods, basic_altar
Lair:5:   guppyfry_lair_end_dragon, layout_hall_layers,
          hangedman_lair_caniforms_friends, slime_entry_1, gammafunk_ghost_split
Shoals:1: layout_shoals, hangedman_shoal_volcano
Shoals:2: layout_shoals, nicolae_shoals_hunting_party
Shoals:3: layout_shoals, lightli_airlock, uniq_ilsuiw
Shoals:4: shoals_end_hellmonk_storm_palace [storm_palace_center_circular,
          storm_palace_corner_altar, storm_palace_corner_altar,
          storm_palace_corner_pillars, storm_palace_corner_reverse_hut],
          serial_shops, uniq_aizul
Snake:1:  layout_basic
Snake:2:  layout_layer_cave, grunt_megastairs_1, serial_bayou_shore_a
Snake:3:  layout_gridlike, basic_altar, st_stairs_2,
          nicolae_snake_mages_go_home, grunt_megastairs_3, uniq_vashnia
Snake:4:  minmay_snake_end_coiled, layout_layer_cave,
          amcnicky_altar_lugonu_corruption, minmay_shop_star
Slime:1:  layout_caves, cheibrodos_slime_lost_civilization_4
Slime:2:  layout_caves, nicolae_slime_getting_an_eyeful
Orc:1:    lemuel_ogre_cave, layout_caves, serial_shops,
          nicolae_shop_tiny_statue_garden, nicolae_alphabet_shops
Orc:2:    st_orc_town, layout_caves, nicolae_orc_crystal_geode
Elf:1:    elf_arrival_002, layout_onion_city
Elf:2:    elven_hall_of_blades_hangedman_original
          [nicolae_blade_entry_diamond_columns], layout_geoelf_diagonals,
          drop_trap, uniq_nikola
Elf:3:    nooodl_elf_gasket, layout_loops_corners, serial_shops,
          nicolae_shop_window_shopping, shop, shop, nicolae_diamond_shop,
          serial_glass, glass_columns_b, glass_columns_b, due_unseen_surprise
Vaults:1: portal_desolation_entry_salt, cheibrodos_frozen_isle,
          nicolae_vaults_trapezoid_2, dpeg_vaults_monster_box, v_alt_pattern_2,
          ontoclasm_vaults_decontamination, nicolae_vaults_door_testing_chamber,
          ontoclasm_vaults_ligature, v_alt_pattern_5, v_rooms_6,
          serial_library_hellmonk_open_square, nicolae_vaults_little_ls,
          layout_vaults_omnibox
Vaults:2: nicolae_vaults_closet_pinwheel_5, nicolae_vaults_spaceships,
          nicolae_vaults_closet_pinwheel_4, nicolae_vaults_network_star,
          nicolae_vaults_network_square, nicolae_vaults_closet_pinwheel_5,
          vaults_dpeg_emergency_exit, vaults_room_grid,
          nicolae_vaults_little_guard_posts, vaults_dpeg_ring,
          layout_vaults_omnigrid, serial_shops, shop, shop
Vaults:3: nicolae_vaults_house_1, vaults_room_stairs_pillars,
          hangedman_vaults_maws, vaults_mumra_minichess_inversion, v_misc_23,
          nicolae_vaults_stepped_doors, nicolae_vaults_weapon_check,
          v_pattern_4, layout_vaults_chaotic_city,
          minmay_crypt_entry_nasty_monster, serial_shops, bzr_firewalk
Vaults:4: ontoclasm_vaults_eye, nicolae_vaults_know_your_exits,
          nicolae_vaults_angled_halls, v_misc_11, minmay_orc_keep,
          nicolae_vaults_storage_room_glass, vaults_room_hallway,
          nicolae_vaults_asterisk, v_misc_2, nicolae_vaults_mini_display_case,
          nicolae_vaults_arrows, nicolae_vaults_trapezoid_lopsided_4,
          layout_vaults_big_cross
Vaults:5: serial_shops
Crypt:1:  minmay_shadows, layout_chaotic_city, grunt_crypt_arrival_webbed,
          uniq_donald, uniq_margery
Crypt:2:  layout_gridlike, lemuel_nasty_fountain, uniq_grunn, uniq_mennas
Crypt:3:  due_elkab, layout_chaotic_city
Tomb:1
Depths:1: layout_cave_pools, enter_ziggurat_a, nrook_campfire, pan_entry,
          grunt_hell_entry_dis_old, minmay_misc_feat_iff,
          nrook_kobold_shadow_demons
Depths:2: hellmonk_destroyed_diamonds, layout_cross, grunt_metal_band,
          nrook_uturn, grunt_pan_entry_in_and_out, minmay_guarded_unrand_curses,
          infiniplex_staircase_zigzag_2
Depths:3: evilmike_negative_zone, layout_cave_shapes, abyss_entry_flame_altar,
          hell_entry, minmay_misc_feat_x, pan_entry, nicolae_water_bricks
Depths:4: grunt_x_marks_the_spot, layout_basic, glass_columns_b, hell_entry,
          horrible_house_mu
Hell
Zot:1:    layout_concentric_octagons, regret_index_zotdec_banners
Zot:2:    layout_gridlike, serial_nicolae_subway, nicolae_sub_station_metal,
          nicolae_sub_station_crystal, nicolae_sub_station_stone
Abyss:3:  base: Temple, base: Depths:2, evilmike_abyss_exit_chaos, minivault_28,
          base: Orc:2, minivault_23, hangedman_abyss_sting, minivault_23,
          nicolae_abyss_rune_left_handed, evilmike_abyss_exit_glass, base: D:3,
          hangedman_cross_veins, base: Snake:2, hangedman_summoners_spam,
          due_evilmike_abyss_rune_seething_liches, bh_abyss_exit_spiral

Skill      XL: |  1  2  3  4  5  6  7  8  9 10 11 12 13 14 15 16 17 18 19 20 21 22 23 24 25 26 27 |
---------------+----------------------------------------------------------------------------------+-----
Fire Magic     | 3 4 5 6 7 9 10 11 12 13 14 15 16 17 18 19 20 21 22 23 | 23.1
Dodging        | 2 3 4 |  4.6
Conjurations   | 2 3 4 5 6 7 8 9 10 11 12 13 14 15 16 | 16.4
Spellcasting   | 3 4 5 6 8 9 10 12 13 14 15 16 17 18 19 20 21 22 23 24 25 | 25.3
Stealth        | 2 3 |  3.6
Hexes          | 1 2 3 4 5 |  5.7
Armour         | 1 3 4 5 6 7 8 9 10 11 12 13 14 15 | 15.6
Invocations    | 2 4 5 6 7 8 9 11 13 14 15 16 17 18 19 20 | 20.7
Evocations     | 2 3 4 5 6 7 8 9 10 11 12 13 15 16 17 | 17.8
Air Magic      | 1 2 4 5 6 7 8 9 10 11 12 | 12.7
Fighting       | 1 2 |  2.2
Translocations | 1 |  1.7
Shields        | 1 2 |  2.7
Transmutations | 1 2 |  2.2
Maces & Flails | |  0.1
Polearms       | |  0.4
Summonings     | |  0.7
Earth Magic    | |  0.7

Action                     |  1- 3 |  4- 6 |  7- 9 | 10-12 | 13-15 | 16-18 | 19-21 | 22-24 | 25-27 || total
---------------------------+-------+-------+-------+-------+-------+-------+-------+-------+-------++-------
  Melee: Club              |     8 |       |       |       |       |       |       |       |       ||     8
         Mace              |       |       |     4 |     3 |       |     2 |       |       |       ||     9
         Staff             |       |       |       |       |     6 |    18 |       |       |       ||    24
         Kick              |       |       |       |       |       |     9 |     2 |     4 |     7 ||    22
         Trident           |       |       |       |       |       |       |    10 |    10 |    12 ||    32
   Cast: Foxfire           |   115 |   172 |    95 |   161 |   197 |       |       |       |       ||   740
         Scorch            |     2 |    20 |    25 |   136 |   184 |     6 |       |       |       ||   373
         Inner Flame       |       |     4 |    80 |   165 |   279 |    21 |       |       |       ||   549
         Static Discharge  |       |       |     3 |     8 |    19 |       |       |       |       ||    30
         Flame Wave        |       |       |       |    12 |       |     1 |       |       |       ||    13
         Mephitic Cloud    |       |       |       |     1 |       |       |       |       |       ||     1
         Irradiate         |       |       |       |       |    48 |    57 |    41 |    16 |    11 ||   173
         Fireball          |       |       |       |       |   111 |   295 |    56 |       |       ||   462
         Stone Arrow       |       |       |       |       |    30 |       |       |       |       ||    30
         Plasma Beam       |       |       |       |       |   162 |   410 |   360 |   564 |   716 ||  2212
         Iskenderun's Myst |       |       |       |       |    66 |    54 |       |     6 |       ||   126
         Ignition          |       |       |       |       |       |     1 |    17 |    61 |    45 ||   124
         Orb of Destructio |       |       |       |       |       |       |   126 |    48 |    38 ||   212
         Conjure Ball Ligh |       |       |       |       |       |       |    69 |     8 |       ||    77
         Dragon's Call     |       |       |       |       |       |       |       |       |     2 ||     2
 Invoke: Channel Magic     |       |       |     1 |       |       |     8 |     2 |     3 |       ||    14
         Forget Spell      |       |       |       |       |       |     2 |       |       |       ||     2
         Divine Exegesis   |       |       |       |       |       |       |       |       |     2 ||     2
  Evoke: Wand              |       |       |     9 |       |    19 |     4 |     4 |       |     7 ||    43
         Sack of spiders   |       |       |       |       |       |     2 |       |       |     2 ||     4
    Use: Scroll            |     6 |     5 |     3 |     5 |     7 |     4 |     2 |     8 |     4 ||    44
         Potion            |     2 |     6 |     2 |     2 |     3 |     6 |     2 |     1 |     3 ||    27
 Armour: Robe              |    27 |    16 |     2 |       |       |       |       |       |       ||    45
         Leather armour    |       |       |    35 |   188 |   407 |   389 |   312 |   231 |   217 ||  1779
  Dodge: Dodged            |    31 |    16 |    28 |   131 |   213 |   234 |   198 |   109 |   131 ||  1091
         Repelled          |       |       |       |       |       |       |     8 |     7 |    12 ||    27
  Block: Other             |     5 |     3 |     6 |    21 |    21 |       |       |       |       ||    56
         Buckler           |       |       |       |       |    49 |   147 |   102 |    64 |    65 ||   427

Table legend: (Time is in decaauts)
 A = Elapsed time spent in this place.
 B = Non-inter-level travel time spent in this place.
 C = Inter-level travel time spent in this place.
 D = Time resting spent in this place.
 E = Time spent auto-exploring this place.
 F = Levels seen in this place.
 G = Mean time per level.
                   A        B        C        D        E       F      G
               +--------+--------+--------+--------+--------+-----+--------+
         Total | 110552 |  93619 |  16933 |   4480 |  75702 |  62 | 1783.1 |
       Dungeon |  26380 |  21730 |   4650 |    386 |  18742 |  15 | 1758.7 |
        Temple |     34 |      6 |     28 |      0 |      0 |   1 |   34.0 |
          Lair |  13569 |  11837 |   1732 |      0 |  10046 |   5 | 2713.8 |
        Shoals |   9393 |   7652 |   1741 |    791 |   5715 |   4 | 2348.2 |
     Snake Pit |  13068 |  11176 |   1892 |   1079 |   8963 |   4 | 3267.0 |
    Slime Pits |    573 |    534 |     39 |    262 |    184 |   2 |  286.5 |
  Orcish Mines |   3596 |   3119 |    477 |    270 |   2370 |   2 | 1798.0 |
   Elven Halls |   4296 |   3795 |    501 |      0 |   3266 |   3 | 1432.0 |
        Vaults |  14217 |  11727 |   2490 |    172 |   9856 |   5 | 2843.4 |
         Crypt |   4717 |   4121 |    596 |      0 |   3428 |   3 | 1572.3 |
          Tomb |   1470 |   1212 |    258 |      0 |   1005 |   1 | 1470.0 |
        Depths |  12632 |  10334 |   2298 |    924 |   7891 |   4 | 3158.0 |
          Hell |    442 |    404 |     38 |      0 |    331 |   1 |  442.0 |
           Zot |   2389 |   2202 |    187 |    354 |   1644 |   2 | 1194.5 |
         Abyss |   2661 |   2661 |      0 |    242 |   1545 |   8 |  332.6 |
        Bazaar |    297 |    297 |      0 |      0 |    121 |   1 |  297.0 |
        Bailey |    810 |    810 |      0 |      0 |    591 |   1 |  810.0 |
               +--------+--------+--------+--------+--------+-----+--------+

Top non-repeatable levels by time:
 Snake:2: 4802 daAuts
Depths:3: 4239 daAuts
Depths:2: 3825 daAuts
  Lair:3: 3783 daAuts
Vaults:3: 3778 daAuts
  Lair:5: 3493 daAuts
    D:15: 3342 daAuts
Vaults:1: 3127 daAuts
Depths:1: 2882 daAuts
Vaults:4: 2862 daAuts
 Snake:3: 2811 daAuts
     D:8: 2761 daAuts
 Snake:1: 2745 daAuts
 Snake:4: 2709 daAuts
Vaults:2: 2663 daAuts
